 Seeded DCSS version 0.30.1-11-g7821555f0a (webtiles) character file.

Game seed: 6351066067085065685 (custom seed)

82507 Esekla the Eclecticist (level 15, -10/71 HPs)
             Began as a Deep Elf Wanderer on Dec 7, 2023.
             Was the Champion of Vehumet.
             Mangled by an Executioner (15 damage)
             ... on level 3 of the Abyss on Dec 11, 2023.
             The game lasted 02:59:43 (19481 turns).

Esekla the Eclecticist (Deep Elf Wanderer)         Turns: 19481, Time: 02:59:44

Health: -10/71     AC: 17    Str:  9    XL:     15   Next: 29%
Magic:  37/41      EV: 15    Int: 29    God:    Vehumet [******]
Gold:   1194       SH:  4    Dex: 14    Spells: 8/55 levels left

rFire   . . .        s - +5 rapier of the Hero {heavy, rN+ Dex+3}
rCold   . . .        d - +0 buckler
rNeg    + + .        U - +0 troll leather armour
rPois   +            c - +2 helmet {Int+3}
rElec   +            n - +1 cloak
rCorr   .            k - +0 pair of gloves
SInv    .            V - +1 pair of boots {rampage}
Will    +....        z - amulet of magic regeneration
Stlth   ++           E - ring of Greed {rElec rPois rN+ AC+4 Str-2}
HPRegen 1.11/turn    I - ring of the Mage {Wiz Archmagi}
MPRegen 0.67/turn

%: rampage, wizardry (x1), archmagi
@: about to teleport, studying Fighting, unable to read
A: [frail 2], [inability to read after injury 2]
a: Renounce Religion


You were on level 3 of the Abyss.
You worshipped Vehumet.
Vehumet was exalted by your worship.
You visited 4 branches of the dungeon, and saw 20 of its levels.
You visited the Abyss 1 time.
You also visited: Bailey.

You collected 2936 gold pieces.
You spent 1742 gold pieces at shops.

Inventory:

Hand Weapons
 a - a +2 vampiric dagger
 f - a +4 scimitar of flaming
 r - a +4 trident of venom
 s - the +5 rapier of the Hero (weapon) {heavy, rN+ Dex+3}
   (You found it on level 3 of the Dungeon)

   Dex:       It affects your dexterity (+3).
   rN:        It protects you from negative energy.
 v - a +2 rapier of venom
 J - a +4 great sword
Missiles
 l - a curare-tipped dart
 p - 13 boomerangs (quivered)
 O - 55 poisoned darts
Armour
 c - a +2 helmet of intelligence (worn)
 d - a +0 buckler (worn)
 k - a +0 pair of gloves (worn)
 n - a +1 cloak (worn)
 U - a +0 troll leather armour (worn)
 V - a +1 pair of boots of rampaging (worn)
Jewellery
 z - an amulet of magic regeneration (around neck)
 E - the ring of Greed (left hand) {rElec rPois rN+ AC+4 Str-2}
   (You bought it in a shop on level 2 of the Dungeon)

   [ring of protection]

   AC:        It affects your AC (+4).
   Str:       It affects your strength (-2).
   rElec:     It insulates you from electricity.
   rPois:     It protects you from poison.
   rN:        It protects you from negative energy.
 I - the ring of the Mage (right hand) {Wiz Archmagi}
   (You bought it in a shop on level 2 of the Dungeon)

   [ring of wizardry]

   It improves your spell success rate.
   Archmagi:  It increases the power of your magical spells.
 P - an amulet of reflection
 Q - a ring of ice
Wands
 i - a wand of roots (24)
 C - a wand of flame (28)
 G - a wand of mindburst (6)
 L - a wand of digging (9)
 W - a wand of quicksilver (3)
Scrolls
 g - a scroll of fear
 o - 2 scrolls of amnesia
 q - 5 scrolls of blinking {unknown}
 t - 3 scrolls of fog
 x - 2 scrolls of silence
 y - 2 scrolls of magic mapping
 A - 4 scrolls of enchant weapon {unknown}
 B - 3 scrolls of acquirement
 F - 2 scrolls of poison
 H - 6 scrolls of teleportation
 S - 3 scrolls of identify
Potions
 b - 4 potions of lignification
 e - 3 potions of ambrosia
 h - 2 potions of heal wounds
 j - 6 potions of curing
 m - 2 potions of mutation
 u - 5 potions of haste
 w - 4 potions of brilliance
 D - a potion of cancellation
 K - a potion of might
 N - a potion of resistance
 R - 2 potions of magic {unknown}
 T - 2 potions of flight
 X - 7 potions of attraction


   Skills:
 * Level 8.5 Fighting
 + Level 3.6 Short Blades
 + Level 3.2 Throwing
 * Level 4.4 Armour
 * Level 10.5 Dodging
 + Level 4.3 Stealth
 + Level 2.3 Shields
 * Level 20.6 Spellcasting
 + Level 5.9 Conjurations
 + Level 10.4 Necromancy
 + Level 5.2 Translocations
 - Level 4.0 Transmutations
 + Level 5.8 Fire Magic
 * Level 5.7 Ice Magic
 + Level 5.5 Air Magic
 * Level 6.3 Earth Magic
 - Level 8.4 Poison Magic
 + Level 1.0 Invocations
 + Level 0.8 Evocations


You had 8 spell levels left.
You knew the following spells:

 Your Spells              Type           Power      Damage    Failure   Level
a - Magic Dart            Conj           100%       1d8       1%          1
b - Blink                 Tloc           100%       N/A       1%          2
c - Mephitic Cloud        Conj/Pois/Air  80%        N/A       1%          3
d - Vampiric Draining     Necr           94%        2d12      1%          3
f - Fireball              Conj/Fire      38%        3d16      1%          5
g - Ozocubu's Refrigerat  Ice            38%        4d15      22%         7
l - Lee's Rapid Deconstr  Erth           39%        3d19*     1%          5
n - Ignite Poison         Fire/Tmut/Pois 78%        N/A       1%          3
p - Apportation           Tloc           100%       N/A       1%          1
v - Poisonous Vapours     Pois/Air       100%       N/A       1%          2
w - Wereblood             Tmut           68%        N/A       1%          2
x - Olgreb's Toxic Radia  Pois           87%        N/A       1%          4
y - Sticky Flame          Conj/Fire      77%        2d9       1%          4
z - Freezing Cloud        Conj/Ice/Air   38%        6-21      1%          5

Your spell library contained the following spells:

 Spells                   Type           Power      Damage    Failure   Level
 Foxfire                  Conj/Fire      100%       2x1d9     1%          1
 Lesser Beckoning         Tloc           100%       N/A       1%          2
 Sublimation of Blood     Necr           94%        N/A       1%          2
 Gell's Gravitas          Tloc           74%        N/A       1%          3
 Hailstorm                Conj/Ice       77%        3d16      1%          3
 Portal Projectile        Hex/Tloc       100%       N/A       1%          3
 Spider Form              Tmut/Pois      78%        N/A       1%          3
 Teleport Other           Tloc           74%        N/A       1%          3
 Vhi's Electric Charge    Tloc/Air       100%       N/A       1%          3
 Manifold Assault         Tloc           74%        N/A       1%          4
 Passage of Golubria      Tloc           74%        N/A       1%          4
 Summon Ice Beast         Ice/Summ       63%        N/A       3%          4
 Plasma Beam              Fire/Air       38%        2x1d56    4%          6
 Starburst                Conj/Fire      38%        6d11      4%          6
 Silence                  Hex/Air        31%        N/A       9%          5
 Cause Fear               Hex            22%        N/A       11%         4
 Dispersal                Tloc           37%        N/A       17%         6
 Summon Mana Viper        Hex/Summ       44%        N/A       26%         5
 Lehudib's Crystal Spear  Conj/Erth      39%        10d10     73%         8
 Ignition                 Fire           38%        3d11      77%         8
 Disjunction              Tloc           37%        N/A       99%         8
 Summon Hydra             Summ           22%        N/A       100%        7


Dungeon Overview and Level Annotations

Branches:
Dungeon (12/15)            Temple (0/1) D:6            Lair (5/5) D:11
 Shoals (0/4) Lair:2       Spider (0/4) Lair:3        Slime (0/5) Lair:5
    Orc (2/2) D:10            Elf (1/3) Orc:2        Bailey (visited)

Altars:
Dithmenos
Fedhas
Hepliaklqana
Nemelex Xobeh
Okawaru
Qazlal
Ru
Trog
Uskayaw
Vehumet
Zin
The Shining One
Jiyva

Shops:
D:2 =   D:4 (   D:11 *   Orc:2 **[:

Portals:
Pandemonium: Orc:2
Trove: D:12 (lose all piety)


Innate Abilities, Weirdness & Mutations

[You are very frail. (-20% HP)]
[You sometimes lose the ability to read scrolls when taking damage.]


Message History

The Executioner closely misses you.
The Executioner hits you but does no damage.
The Executioner attacks as you move away!
The Executioner misses you. x2
The Executioner hits you but does no damage.
You block the Executioner's attack. The Executioner barely misses you.
The Executioner completely misses you. x2
The Executioner hits you but does no damage. x2
The large abomination hits you!!
* * * LOW HITPOINT WARNING * * *
You cannot read scrolls in your current state!
Unknown command.
Casting: Blink (safe; 1% risk of failure)
Confirm with . or Enter, or press ? or * to list all spells.
You feel a surge of power!
You blink.
You feel much better. The Executioner completely misses you.
The Executioner hits you but does no damage.
The Executioner hits you. The Executioner hits you!!
* * * LOW HITPOINT WARNING * * *
The Executioner hits you.
* * * LOW HITPOINT WARNING * * *
The Executioner hits you but does no damage.
You block the Executioner's attack. The Executioner barely misses you.
The Executioner hits you.
* * * LOW HITPOINT WARNING * * *
Casting: Blink (safe; 1% risk of failure)
Confirm with . or Enter, or press ? or * to list all spells.
You feel a surge of power!
You blink.
You feel much better. The Executioner hits you!
The Executioner hits you but does no damage.
The Executioner closely misses you. The Executioner hits you.
The Executioner hits you but does no damage.
The Executioner hits you. The Executioner hits you!!
* * * LOW HITPOINT WARNING * * *
The Executioner hits you but does no damage.
The Executioner hits you.
* * * LOW HITPOINT WARNING * * *
The Executioner hits you!
You die...

### ##@#
##1#.####
#..#X...#.##
##.##.#..##.##
##X#..#....#.#
.#.#..#..####
########.#.# .
#.. #. ...#


You could see an Executioner (fast) and 2 large abominations.

Vanquished Creatures
  Rupert (Lair:4)
  A deep elf sorcerer (Elf:1)
  2 orc warlords
  Azrael (Orc:2)
  2 deep elf annihilators (Elf:1)
  2 fire dragons (Lair:5)
  Harold (D:9)
  2 boulder beetles (Lair:2)
  A demonspawn (Orc:2)
  3 hydras
  A catoblepas (Lair:5)
  2 dancing weapons (Elf:1)
  3 two-headed ogres
  3 orc high priests (Orc:2)
  A wretched star (Abyss:3)
  Lodul (D:11)
  A skyshark (Lair:4)
  A deep elf archer (Elf:1)
  Pikel (D:6)
  A swamp dragon (Lair:5)
  2 lindwurms (Lair:5)
  An oklob plant (Lair:5)
  5 deep elf pyromancers (Elf:1)
  4 deep elf zephyrmancers (Elf:1)
  An ugly thing (D:12)
  8 orc knights
  6 cyclopes
  10 orc sorcerers
  Joseph (D:7)
  9 elephants (Lair:5)
  A merfolk siren (Lair:2)
  2 black mambas
  A black mamba (shapeshifter) (Elf:1)
  6 torpor snails
  A gargoyle (D:10)
  A smoke demon (Orc:2)
  11 cane toads
  Psyche (D:11)
  3 rime drakes
  15 komodo dragons
  A kobold demonologist (D:9)
  An ancient zyme (Abyss:3)
  2 merfolk (Lair:2)
  A red devil (Orc:2)
  3 tyrant leeches (Lair:5)
  A polar bear (D:11)
  7 trolls
  9 hornets
  5 blink frogs (Lair:1)
  4 centaur simulacra (D:11)
  12 spriggans (Lair:3)
  33 yaks
  An air elemental (Elf:1)
  A culicivora (Lair:3)
  A water elemental (Elf:1)
  A wraith (D:12)
  5 basilisks
  A chaos spawn (Orc:2)
  3 fire elementals (Orc:2)
  3 steam dragons
  5 wyverns
  Menkaure (D:7)
  2 wargs
  2 acid dragons (Lair:5)
  6 ice beasts
  14 water moccasins
  4 hell hounds (Orc:2)
  2 swamp drakes (Lair:5)
  A sky beast (D:6)
  43 orc warriors
  2 black bears
  18 ogres
  2 centaurs
  3 boggarts (Lair:3)
  12 wolves
  A phantom (D:7)
  2 lemures (D:6)
  Blork the orc (D:6)
  4 kobold brigands
  An earth elemental (Elf:1)
  4 gnoll sergeants
  10 bullfrogs
  3 scorpions
  10 wights
  21 killer bees
  2 howler monkeys (D:10)
  An electric eel (D:11)
  2 quasits
  3 gnoll boudas
  6 hounds
  A jelly (D:6)
  Crazy Yiuf (D:7)
  32 orc priests
  12 hell rats
  A sleepcap (D:5)
  6 iguanas
  12 orc wizards
  34 gnolls
  9 adders
  3 shadow imps (D:8)
  9 white imps
  4 ufetubi
  A worm (D:4)
  2 dart slugs
  94 orcs
  4 endoplasms
  9 goblins
  7 hobgoblins
  A quokka (D:1)
  6 ball pythons
  4 bats
  4 frilled lizards
  21 kobolds
  A rat (D:2)
  A butterfly (Lair:4)
682 creatures vanquished.

Vanquished Creatures (others)
  An iguana (Lair:5)
  An orc wizard (D:8)
  An orc (D:8)
3 creatures vanquished.

Grand Total: 685 creatures vanquished

Notes
Turn   | Place    | Note
-------+----------+-------------------------------------------
     0 | D:1      | Esekla the Deep Elf Wanderer began the quest for the Orb.
     0 | D:1      | Esekla set off with the following items: a +0 club, a
                  | potion of lignification, a +0 robe, a +0 buckler; and the
                  | following spells available to memorise: Apportation, Blink,
                  | Lesser Beckoning, Magic Dart, Ignite Poison, Vampiric
                  | Draining.
     0 | D:1      | Reached XP level 1. HP: 10/10 MP: 7/7
     2 | D:1      | Learned a level 1 spell: Magic Dart
     4 | D:1      | Learned a level 1 spell: Apportation
   259 | D:2      | Found Renulab's Jewellery Shop.
   264 | D:2      | You fall into a shaft and drop 2 floors!
   320 | D:4      | Found a radiant altar of Vehumet.
   328 | D:4      | Found an iron altar of Okawaru.
   339 | D:4      | Found a glowing silver altar of Zin.
   425 | D:4      | Became a worshipper of Vehumet
   759 | D:3      | Reached XP level 2. HP: 13/15 MP: 5/9
   762 | D:3      | Learned a level 2 spell: Blink
   825 | D:3      | Reached skill level 5 in Spellcasting
   954 | D:3      | Identified the +5 rapier of the Hero {heavy, rN+ Dex+3}
  1226 | D:1      | Reached XP level 3. HP: 19/19 MP: 8/11
  1230 | D:1      | Learned a level 3 spell: Ignite Poison
  1234 | D:1      | Learned a level 3 spell: Vampiric Draining
  1318 | D:1      | Reached * piety under Vehumet
  1318 | D:1      | Offered knowledge of Freeze by Vehumet.
  1707 | D:2      | Noticed a black bear
  1719 | D:2      | Reached skill level 1 in Dodging
  1719 | D:2      | Reached skill level 1 in Conjurations
  1719 | D:2      | Reached XP level 4. HP: 20/24 MP: 6/13
  1735 | D:2      | Found a faded altar of an unknown god.
  1938 | D:2      | Reached skill level 1 in Throwing
  2258 | D:3      | Found a stormy altar of Qazlal.
  2271 | D:3      | Reached skill level 1 in Necromancy
  2273 | D:3      | Reached XP level 5. HP: 23/28 MP: 6/15
  2300 | D:3      | Found a hazy altar of Hepliaklqana.
  2302 | D:3      | Found a bloodstained altar of Trog.
  2517 | D:5      | Entered Level 5 of the Dungeon
  2520 | D:5      | Got the Parchment of the Lumpy Olives
  2548 | D:5      | Found a shadowy altar of Dithmenos.
  2618 | D:5      | Reached skill level 6 in Spellcasting
  2648 | D:5      | Reached XP level 6. HP: 26/32 MP: 8/17
  2774 | D:5      | Reached skill level 1 in Short Blades
  2800 | D:5      | Reached skill level 7 in Spellcasting
  3024 | D:5      | Offered knowledge of Sandblast by Vehumet.
  3125 | D:5      | Reached ** piety under Vehumet
  3310 | D:4      | Found Ponaysk's Antique Weapon Boutique.
  3426 | D:2      | Reached XP level 7. HP: 36/36 MP: 14/20
  3713 | D:4      | Found a glowing golden altar of the Shining One.
  3756 | D:4      | Reached skill level 8 in Spellcasting
  4276 | D:6      | Reached skill level 9 in Spellcasting
  4276 | D:6      | Reached XP level 8. HP: 14/41 MP: 7/23
  4290 | D:6      | Offered knowledge of Volatile Blastmotes by Vehumet.
  4360 | D:6      | Found a blossoming altar of Fedhas.
  4488 | D:6      | Found a staircase to the Ecumenical Temple.
  4554 | D:6      | Noticed Pikel
  4741 | D:6      | Killed Pikel
  4742 | D:6      | Reached skill level 10 in Spellcasting
  4997 | D:7      | Found a runed translucent door.
  4998 | D:7      | Noticed Crazy Yiuf
  5006 | D:7      | Killed Crazy Yiuf
  5128 | D:7      | Reached skill level 11 in Spellcasting
  5160 | D:7      | Noticed Menkaure
  5165 | D:7      | Killed Menkaure
  5166 | D:7      | Reached XP level 9. HP: 30/45 MP: 26/26
  5481 | D:6      | Reached *** piety under Vehumet
  5548 | D:6      | Noticed Blork the orc
  5559 | D:6      | Killed Blork the orc
  5652 | D:7      | Noticed Joseph
  5890 | D:8      | Noticed a two-headed ogre
  5946 | D:7      | Killed Joseph
  5947 | D:7      | Reached skill level 12 in Spellcasting
  6208 | D:8      | Offered knowledge of Sticky Flame by Vehumet.
  6224 | D:7      | Learned a level 4 spell: Sticky Flame
  6643 | D:8      | Found a hide-covered altar of Uskayaw.
  6659 | D:8      | Found a transporter.
  6660 | D:8      | Found a transporter.
  6662 | D:8      | Found a transporter.
  6677 | D:8      | Found a transporter.
  6711 | D:8      | Reached skill level 1 in Fire Magic
  6751 | D:8      | Reached skill level 13 in Spellcasting
  6948 | D:8      | Reached **** piety under Vehumet
  7191 | D:8      | Killed a two-headed ogre
  7192 | D:8      | Reached skill level 5 in Dodging
  7192 | D:8      | Reached XP level 10. HP: 50/50 MP: 29/29
  7400 | D:9      | Offered knowledge of Inner Flame by Vehumet.
  7494 | D:9      | Noticed a two-headed ogre
  7507 | D:9      | Killed a two-headed ogre
  7601 | D:9      | Found a flagged portal.
  7624 | Bailey   | Entered a bailey
  7759 | Bailey   | Reached skill level 14 in Spellcasting
  7766 | Bailey   | Identified the +2 bardiche of Puhoisos {heavy, rElec
                  | Stlth+}
  7770 | Bailey   | Noticed an orc knight
  7770 | Bailey   | Noticed an orc knight
  7815 | Bailey   | Killed an orc knight
  8212 | Bailey   | Killed an orc knight
  8213 | Bailey   | Reached skill level 1 in Fighting
  8405 | D:9      | Found a sparkling altar of Nemelex Xobeh.
  8531 | D:9      | Reached skill level 10 in Necromancy
  8545 | D:9      | Noticed a cyclops
  8554 | D:9      | Killed a cyclops
  8555 | D:9      | Reached XP level 11. HP: 34/56 MP: 31/31
  8685 | D:9      | Reached skill level 1 in Air Magic
  8829 | D:9      | Reached skill level 1 in Earth Magic
  8829 | D:9      | Reached skill level 1 in Poison Magic
  9222 | D:10     | Entered Level 10 of the Dungeon
  9251 | D:10     | Reached skill level 1 in Transmutations
  9262 | D:10     | Reached ***** piety under Vehumet
  9274 | D:10     | Offered knowledge of Olgreb's Toxic Radiance by Vehumet.
  9283 | D:10     | Learned a level 4 spell: Olgreb's Toxic Radiance
  9372 | D:10     | Reached skill level 15 in Spellcasting
  9442 | D:10     | Found a staircase to the Orcish Mines.
  9475 | Orc:1    | Entered Level 1 of the Orcish Mines
  9485 | Orc:1    | Noticed an orc knight
  9494 | Orc:1    | Killed an orc knight
  9817 | D:2      | Bought the ring of the Mage {Wiz Archmagi} for 714 gold
                  | pieces
  9817 | D:2      | Found the ring of the Mage {Wiz Archmagi}
 10057 | D:9      | Noticed Harold
 10065 | D:9      | Killed Harold
 10269 | D:10     | Found a sacrificial altar of Ru.
 10429 | D:12     | Learned a level 2 spell: Wereblood
 10634 | D:11     | Got Simple Magic
 10792 | D:11     | Reached skill level 16 in Spellcasting
 10888 | D:11     | Noticed Psyche
 10891 | D:11     | Noticed a two-headed ogre
 10894 | D:11     | Killed a two-headed ogre
 10895 | D:11     | Killed Psyche
 10974 | D:11     | Reached XP level 12. HP: 62/66 MP: 34/34
 10974 | D:11     | Found Fagafuf's Pet Rocks.
 10974 | D:11     | Noticed Lodul
 10978 | D:11     | Killed Lodul
 11010 | D:11     | Offered knowledge of Lee's Rapid Deconstruction by Vehumet.
 11024 | D:11     | Learned a level 5 spell: Lee's Rapid Deconstruction
 11181 | D:11     | Found a staircase to the Lair.
 11202 | D:11     | Reached skill level 5 in Poison Magic
 11521 | D:11     | Reached skill level 5 in Fire Magic
 11714 | D:12     | Reached skill level 17 in Spellcasting
 11759 | D:12     | Found a portal to a secret trove of treasure.
 11816 | D:12     | Learned a level 3 spell: Mephitic Cloud
 11819 | D:12     | Learned a level 2 spell: Poisonous Vapours
 11825 | D:12     | Learned a level 5 spell: Freezing Cloud
 11907 | D:12     | Learned a level 5 spell: Fireball
 12044 | Lair:1   | Entered Level 1 of the Lair of Beasts
 12377 | Lair:1   | Reached skill level 1 in Ice Magic
 12799 | Lair:1   | Reached skill level 1 in Armour
 13111 | Lair:2   | Reached skill level 5 in Fighting
 13485 | Lair:2   | Found a transporter.
 13486 | Lair:2   | Found a transporter.
 13487 | Lair:2   | Noticed a boulder beetle
 13487 | Lair:2   | Noticed a boulder beetle
 13638 | Lair:2   | Found a staircase to the Shoals.
 13645 | Lair:2   | Reached XP level 13. HP: 72/72 MP: 36/36
 13946 | Lair:2   | Reached skill level 5 in Conjurations
 13948 | Lair:2   | Reached skill level 18 in Spellcasting
 14025 | Lair:3   | You fall into a shaft and drop 2 floors!
 14025 | Lair:5   | Entered Level 5 of the Lair of Beasts
 14519 | Lair:3   | Found a hole to the Spider Nest.
 14791 | D:2      | Bought the ring of Greed {rElec rPois rN+ AC+4 Str-2} for
                  | 758 gold pieces
 15248 | Lair:3   | Identified the +3 leather armour of Okawaru's Inspiration
                  | {Str+4}
 15421 | Lair:3   | Offered knowledge of Iskenderun's Battlesphere by Vehumet.
 15885 | Lair:4   | Noticed Rupert
 15887 | Lair:4   | Paralysed by Rupert for 3 turns
 15894 | Lair:4   | Killed Rupert
 16010 | Lair:4   | Reached skill level 5 in Translocations
 16525 | Lair:5   | Reached XP level 14. HP: 80/80 MP: 18/38
 16537 | Lair:5   | Reached skill level 19 in Spellcasting
 16740 | Lair:5   | Found a viscous altar of Jiyva.
 16740 | Lair:5   | Found a staircase to the Slime Pits.
 17029 | Lair:5   | Got Utragud's Papyrus of the Inquisitive Olives
 17144 | Lair:5   | Found a runed translucent door.
 17233 | Lair:5   | Reached skill level 5 in Earth Magic
 17255 | Lair:5   | Reached skill level 5 in Air Magic
 17597 | Orc:2    | Entered Level 2 of the Orcish Mines
 17712 | Orc:1    | Noticed an orc warlord
 17714 | Orc:1    | Offered knowledge of Ozocubu's Refrigeration by Vehumet.
 17717 | Orc:1    | Killed an orc warlord
 17742 | Orc:1    | Learned a level 7 spell: Ozocubu's Refrigeration
 18093 | Orc:2    | Found Roezostra's General Store.
 18124 | Orc:2    | Found Bamnuus's General Store.
 18214 | Orc:2    | Noticed an orc warlord
 18225 | Orc:2    | Killed an orc warlord
 18257 | Orc:2    | Found a staircase to the Elven Halls.
 18442 | Orc:2    | Noticed Azrael
 18448 | Orc:2    | Killed Azrael
 18449 | Orc:2    | Reached skill level 5 in Ice Magic
 18464 | Orc:2    | Reached skill level 10 in Dodging
 18539 | Orc:2    | Reached skill level 20 in Spellcasting
 18776 | Orc:2    | Reached XP level 15. HP: 88/88 MP: 37/41
 18795 | Orc:2    | Found Jyohez's Book Shop.
 18795 | Orc:2    | Found a one-way gate leading to the halls of Pandemonium.
 18795 | Orc:2    | Found Huzal's Antique Armour Boutique.
 18799 | Orc:2    | Bought a runed helmet for 270 gold pieces
 18870 | Elf:1    | Entered Level 1 of the Elven Halls
 18955 | Elf:1    | Reached ****** piety under Vehumet
 19101 | Elf:1    | Paralysed by an orc sorcerer for 4 turns
 19104 | Elf:1    | Noticed a deep elf sorcerer
 19108 | Elf:1    | Killed a deep elf sorcerer
 19110 | Elf:1    | Paralysed by an air elemental for 1 turns
 19218 | Abyss:3  | Cast into level 3 of the Abyss (a deep elf demonologist)
 19468 | Abyss:3  | Noticed an Executioner
 19481 | Abyss:3  | Mangled by an Executioner

Illustrated notes

Levels and vault maps discovered:
D:1:      sevenhm_arrival_forest_fort_small_3, layout_rooms,
          chequers_serial_rivers_room_b, minmay_misc_feat_five
D:2:      layout_loops_ring, dreamdust_ecumenical_altar_angels_and_demons,
          serial_shops, shop
D:3:      layout_basic, grunt_temple_overflow_open, minmay_misc_feat_iff
D:4:      layout_basic, nicolae_overflow_quartered_altars, serial_shops,
          nicolae_diamond_shop
D:5:      layout_loops_ring, lemuel_doored_altar, minmay_misc_feat_rows,
          dreamdust_wishing_well
D:6:      layout_loops_cross, fedhas_altar_fruit_tree,
          minmay_temple_entry_glass, uniq_pikel, uniq_blork_the_orc
D:7:      layout_basic, uniq_menkaure, uniq_joseph, uniq_crazy_yiuf_cottage
D:8:      layout_basic, nicolae_uskayaw_dance_hall, serial_demonic,
          serial_demonic_d, serial_demonic_a, serial_demonic_c,
          serial_demonic_c, nicolae_diode_quadrants
D:9:      layout_irregular_city, kennysheep_little_box, enter_bailey_4,
          minmay_between, uniq_harold
D:10:     layout_basic, nicolae_ru_awakened_eye
D:11:     layout_rooms, hellmonk_lair_entry_icy, serial_ice, serial_ice_j,
          serial_ice_m, serial_ice_o, serial_ice_c, serial_ice_g, serial_ice_f,
          guppyfry_shop_earth, uniq_psyche, uniq_lodul
D:12:     layout_roguey, nicolae_trove_entry_crossroad
Lair:1:   layout_small_grid
Lair:2:   gammafunk_boulding_lane, layout_small_grid, elwin_shoals_entry_rooms
Lair:3:   kb_forest_paths, layout_chaotic_city, spider_nest_entry_rubble
Lair:4:   layout_hall_layers, grunt_megastairs_3, lemuel_fruit_fields,
          uniq_rupert
Lair:5:   guppyfry_lair_end_dragon, layout_misc_corridors, wormcave,
          dpeg_slime_entry_enclosed
Orc:1:    layout_caves
Orc:2:    pf_orc_diabolical, layout_diamond_mine, uniq_azrael
Elf:1:    minmay_elf_arrival_plus, layout_loops_cross,
          kennysheep_underground_church
Abyss:3:  base: WizLab, minivault_25, evilmike_abyss_exit_5

Skill      XL: |  1  2  3  4  5  6  7  8  9 10 11 12 13 14 15 |
---------------+----------------------------------------------+-----
Spellcasting   | 5 6 7 9 11 13 14 16 17 18 20 | 20.6
Dodging        | 1 2 3 4 5 7 8 9 10 | 10.5
Conjurations   | 1 2 3 4 5 |  5.9
Throwing       | 1 2 3 |  3.2
Necromancy     | 1 2 3 4 6 8 10 | 10.4
Translocations | 3 4 5 |  5.2
Short Blades   | 1 2 3 |  3.6
Stealth        | 2 3 4 |  4.3
Shields        | 2 |  2.3
Fire Magic     | 1 3 4 5 |  5.8
Fighting       | 1 3 5 6 8 |  8.5
Air Magic      | 1 2 4 5 |  5.5
Earth Magic    | 1 2 4 5 6 |  6.3
Poison Magic   | 4 6 7 8 |  8.4
Transmutations | 1 2 3 4 |  4.0
Ice Magic      | 2 4 5 |  5.7
Armour         | 1 3 4 |  4.4
Invocations    | |  1.0
Evocations     | |  0.8

Action                     |  1- 3 |  4- 6 |  7- 9 | 10-12 | 13-15 || total
---------------------------+-------+-------+-------+-------+-------++-------
  Melee: Short sword       |    13 |       |       |       |       ||    13
         Rapier            |    14 |    30 |   143 |    84 |    62 ||   333
         Dagger            |       |       |    25 |    18 |       ||    43
  Throw: Dart              |       |    34 |    20 |    44 |       ||    98
         Boomerang         |       |       |       |    11 |     1 ||    12
   Cast: Magic Dart        |    58 |    17 |    74 |    66 |    20 ||   235
         Apportation       |    25 |    27 |    29 |    66 |    43 ||   190
         Vampiric Draining |     1 |    17 |    99 |    53 |    21 ||   191
         Blink             |     1 |       |     4 |    15 |     9 ||    29
         Ignite Poison     |       |     2 |     3 |    53 |    95 ||   153
         Sticky Flame      |       |       |       |    48 |    26 ||    74
         Olgreb's Toxic Ra |       |       |       |    41 |    46 ||    87
         Poisonous Vapours |       |       |       |    18 |   106 ||   124
         Freezing Cloud    |       |       |       |     7 |    33 ||    40
         Wereblood         |       |       |       |     3 |    16 ||    19
         Lee's Rapid Decon |       |       |       |     3 |    17 ||    20
         Mephitic Cloud    |       |       |       |     1 |     7 ||     8
         Ozocubu's Refrige |       |       |       |       |     5 ||     5
         Fireball          |       |       |       |       |     2 ||     2
  Evoke: Wand              |       |       |    11 |    10 |       ||    21
    Use: Scroll            |     1 |       |       |    17 |     6 ||    24
         Potion            |       |       |     5 |     1 |     3 ||     9
   Stab: Sleeping          |     6 |     6 |     7 |    10 |     3 ||    32
 Armour: Robe              |    15 |     4 |    43 |    41 |       ||   103
         Troll leather arm |       |       |       |       |    57 ||    57
  Dodge: Dodged            |    20 |    24 |   161 |   161 |    92 ||   458
  Block: Buckler           |     6 |     7 |    57 |    47 |    33 ||   150
